 Dungeon Crawl Stone Soup version 0.29-a0-321-gf1c400731a (webtiles) character file.

Game seed: 10501918250356648914

39669 avis the Martial Artist (level 13, -2/113 HPs)
             Began as a Demigod Transmuter on Apr 3, 2022.
             Slain by Rupert
             ... wielding a +0 battleaxe of electrocution
              (27 damage)
             ... on level 13 of the Dungeon on Apr 4, 2022.
             The game lasted 02:27:19 (20685 turns).

avis the Martial Artist (Demigod Transmuter)       Turns: 20685, Time: 02:27:22

Health: -2/113     AC: 20    Str: 15    XL:     13   Next: 36%
Magic:  8/22       EV: 27    Int: 15    God:
Gold:   339        SH:  0    Dex: 32    Spells: 2/20 levels left

rFire   . . .      SeeInvis .     - Unarmed
rCold   . . .      Faith    .   (shield currently unavailable)
rNeg    . . .      Spirit   .   v - +5 steam dragon scales
rPois   .          Reflect  .   q - +1 hat {Stlth+}
rElec   .          Harm     .   Y - +0 cloak
rCorr   .          Rampage  .   (gloves currently unavailable)
Will    +....      Archmagi +   (no boots)
Stlth   ++........              e - amulet of regeneration
HPRegen 1.08/turn               h - +6 ring of dexterity
MPRegen 0.18/turn               F - ring of the Mage {Wiz Archmagi}

@: ice-armoured, blade hands, glowing, studying Dodging
A: high MP 1, forlorn, divine attributes
a: End Transformation


You were on level 13 of the Dungeon.
You had blades for hands.
You visited 3 branches of the dungeon, and saw 18 of its levels.
You also visited: Sewer.

You collected 1725 gold pieces.
You spent 1386 gold pieces at shops.

Inventory:

Hand Weapons
 b - a +0 hand crossbow of freezing
 D - a +0 scimitar of freezing
 K - a +0 shortbow
Missiles
 I - 63 poisoned darts
 L - 2 throwing nets
 Q - 8 curare-tipped darts
Armour
 g - a +0 kite shield
 l - a +0 buckler (melded)
 o - a +0 troll leather armour
 q - a +1 hat of stealth (worn)
 v - +5 steam dragon scales (worn)
 E - a +0 troll leather armour
 Y - a +0 cloak (worn)
Jewellery
 a - a ring of poison resistance
 e - an amulet of regeneration (around neck)
 h - a +6 ring of dexterity (left blade hand)
 k - a ring of willpower
 n - an amulet of guardian spirit
 p - a +6 ring of intelligence
 r - an amulet of the acrobat
 B - a ring of magical power
 F - the ring of the Mage (right blade hand) {Wiz Archmagi}
   (You took it off an orc on level 3 of the Dungeon)

   [ring of wizardry]

   It improves your spell success rate.
   Archmagi:  It increases the power of your magical spells.
 P - a ring of ice
Wands
 m - a wand of flame (31)
 y - a wand of polymorph (2)
 N - a wand of iceblast (5)
 O - a wand of paralysis (10)
Scrolls
 d - 5 scrolls of identify
 i - a scroll of fog
 t - 4 scrolls of summoning
 u - a scroll of vulnerability
 A - a scroll of magic mapping
 G - a scroll of torment
 R - a scroll of enchant weapon
 T - 2 scrolls of fear
 V - 9 scrolls of teleportation
Potions
 c - 4 potions of lignification
 f - 2 potions of brilliance
 j - a potion of heal wounds
 s - 2 potions of magic
 w - 4 potions of haste
 x - 2 potions of resistance
 z - 7 potions of curing
 C - 2 potions of flight
 J - a potion of attraction
 M - 8 potions of might
 W - a potion of invisibility
Miscellaneous
 H - a lightning rod (4/4)


   Skills:
 - Level 10.0 Fighting
 - Level 5.0 Armour
 * Level 12.9 Dodging
 - Level 3.0 Stealth
 - Level 4.0 Shields
 - Level 13.0 Unarmed Combat
 - Level 4.0 Spellcasting
 - Level 6.0 Transmutations
 - Level 6.0 Ice Magic
 - Level 2.0 Poison Magic


You had 2 spell levels left.
You knew the following spells:

 Your Spells              Type           Power      Damage    Failure   Level
a - Beastly Appendage     Tmut           62%        N/A       8%          1
e - Wereblood             Tmut           31%        N/A       9%          2
o - Ozocubu's Armour      Ice            31%        N/A       13%         3
p - Spider Form           Tmut/Pois      22%        N/A       21%         3
q - Ice Form              Ice/Tmut       31%        N/A       26%         4
B - Blade Hands           Tmut           15%        N/A       45%         5

Your spell library contained the following spells:

 Spells                   Type           Power      Damage    Failure   Level
 Apportation              Tloc           8%         N/A       30%         1
 Alistair's Intoxication  Tmut/Pois      14%        N/A       67%         5
 Irradiate                Conj/Tmut      9%         3d16      78%         5
 Animate Armour           Summ/Erth      8%         N/A       83%         4
 Iron Shot                Conj/Erth      2%         9d2       100%        6
 Dragon Form              Tmut           15%        N/A       100%        7
 Ozocubu's Refrigeration  Ice            15%        4d8       100%        7


Dungeon Overview and Level Annotations

Branches:
Dungeon (13/15)            Temple (1/1) D:7            Lair (4/6) D:9
 Shoals (0/4) Lair:3       Spider (0/4) Lair:3          Orc (0/2) D:11
  Sewer (visited)
 Vaults: D:13-14

Shops:
D:2 :   D:8 [   D:9 *   D:10 :

Annotations:
D:13 Rupert
Lair:2 3 runed translucent doors, Esaaleno's ghost, journeyman NaIE


Innate Abilities, Weirdness & Mutations

You have blades for hands.
Your spellcasting is less reliable in this form.
You are incapable of wielding weapons or throwing items.
You have an increased reservoir of magic. (+10% MP)
You shall have no god before yourself.
Your divine heritage dramatically boosts your attributes as you level up.


Message History

The cherub is moderately wounded.
The cherub completely misses you. The cherub gores you.
You closely miss the cherub.
The cherub is moderately wounded.
The cherub no longer looks unusually strong.
The cherub sings a powerful hymn!
The cherub goes into a battle-frenzy!
The cherub blocks your attack. x2
The cherub is moderately wounded.
The cherub unwields a +0 scimitar of flaming.
It stops flaming.
The cherub wields a +0 longbow.
The cherub shoots an arrow.
The arrow completely misses you.
Rupert the Wild comes into view.
He is wielding a +0 battleaxe of electrocution.
The cherub hits you with a +1 flail of flaming.
The cherub burns you. The cherub barely misses you.
Casting: Ozocubu's Armour (dangerous; 13% risk of failure)
Confirm with . or Enter, or press ? or * to list all spells.
You feel a surge of power! A film of ice covers your body!
Your hands revert to their normal proportions.
Your +0 buckler unmelds from your body.
You block the cherub's attack. The cherub closely misses you.
Rupert roars madly and goes into a rage!
Rupert goes berserk!
You punch the cherub!
The cherub is heavily wounded.
You block the cherub's attack. The cherub misses you.
Casting: Ozocubu's Armour (mildly dangerous; 2% risk of failure)
Confirm with . or Enter, or press ? or * to list all spells.
You feel a surge of power!
Your hands turn into razor-sharp scythe blades.
Your +0 buckler melds into your body.
You hit Rupert.
Rupert is lightly wounded.
You hit Rupert. You slash Rupert!
Rupert is lightly wounded.
Rupert hits you with a +0 battleaxe of electrocution!!
You are electrocuted!!
* * * LOW HITPOINT WARNING * * *
Rupert hits you with a +0 battleaxe of electrocution!!
You die...

#........#
##.......#
A.##......###
##.A
#.........#
##P..
##......##..
##...
##.......# #
#P..
#..#######
#..####.##
#..#A@@.#
#..†A####
######


You could see Rupert (berserk) and 2 cherubim.

Vanquished Creatures
  Gastronok (D:11)
  Snorg (D:13)
  3 hydras
  A centaur warrior (D:13)
  A boulder beetle (D:11)
  3 two-headed ogres
  Nergalle (Lair:1)
  Amaemon (Lair:1)
  5 skeletal warriors (D:12)
  Pikel (D:7)
  An ugly thing (D:13)
  An oklob plant (Lair:3)
  2 cyclopes (D:11)
  3 elephants (Lair:2)
  3 black mambas
  A gargoyle (D:11)
  6 cane toads
  An orange demon (Lair:1)
  Maggie (D:8)
  2 komodo dragons
  3 trolls
  A hornet (Lair:3)
  2 polar bears (Lair:3)
  A snapping turtle (Lair:3)
  17 blink frogs
  3 slime creatures (D:12)
  2 culicivoras (Lair:3)
  A jumping spider (Lair:3)
  A shadow (D:10)
  2 wraiths (D:11)
  24 yaks
  4 wyverns
  4 basilisks
  2 vampire mosquitoes (D:12)
  4 acid dragons
  Duvessa (D:7)
  18 water moccasins
  An ice beast (D:7)
  4 sky beasts
  3 black bears (D:9)
  5 orc warriors
  An ogre (D:5)
  10 wolves (Lair:1)
  5 centaurs
  A lemure (D:7)
  9 kobold brigands
  2 phantoms (D:5)
  8 gnoll sergeants
  11 bullfrogs
  A scorpion (D:7)
  4 necrophages
  Dowan (D:7)
  3 killer bees
  4 howler monkeys
  2 electric eels (D:12)
  2 lava snakes (D:12)
  2 hounds
  10 orc priests
  2 jellies (D:5)
  Crazy Yiuf (D:2)
  2 gnoll shamans (D:5)
  Natasha (thrice) (D:2)
  3 iguanas
  13 orc wizards
  Terence (D:2)
  A mummy (D:8)
  14 adders
  40 gnolls
  4 river rats
  2 shadow imps (D:7)
  2 white imps (D:5)
  An ufetubus (D:7)
  11 worms
  4 dart slugs
  36 orcs
  9 endoplasms
  5 giant cockroaches
  4 goblins
  7 hobgoblins
  2 jackals (D:2)
  37 kobolds
  5 quokkas
  10 ball pythons
  6 bats
  4 frilled lizards
  8 rats
  8 bushes (Lair:3)
  A butterfly (Lair:3)
464 creatures vanquished.

Vanquished Creatures (others)
  An orc (D:8)
  38 fungi
  53 plants
  15 toadstools (Lair:3)
107 creatures vanquished.

Grand Total: 571 creatures vanquished

Notes
Turn   | Place    | Note
-------+----------+-------------------------------------------
     0 | D:1      | avis the Demigod Transmuter began the quest for the Orb.
     0 | D:1      | Reached XP level 1. HP: 15/15 MP: 5/5
    40 | D:1      | Reached skill level 1 in Fighting
   170 | D:1      | Reached skill level 1 in Stealth
   394 | D:1      | Reached XP level 2. HP: 24/24 MP: 5/7
   802 | D:1      | You fall into a shaft and drop 1 floor!
   802 | D:2      | Noticed Natasha
   809 | D:2      | Killed Natasha
   810 | D:2      | Reached XP level 3. HP: 22/29 MP: 6/8
   814 | D:2      | Learned a level 3 spell: Spider Form
   824 | D:2      | Noticed Terence
   889 | D:2      | Killed Terence
   890 | D:2      | Reached skill level 1 in Poison Magic
   938 | D:2      | Found Yntu's Book Emporium.
   960 | D:2      | Noticed Natasha
  1004 | D:2      | Killed Natasha
  1005 | D:2      | Reached XP level 4. HP: 29/36 MP: 6/9
  1204 | D:1      | Reached skill level 3 in Unarmed Combat
  1759 | D:2      | Noticed Natasha
  1795 | D:2      | Killed Natasha
  2200 | D:2      | Found a runed translucent door.
  2522 | D:3      | Reached XP level 5. HP: 42/45 MP: 7/10
  2965 | D:3      | Learned a level 4 spell: Ice Form
  3852 | D:4      | Reached XP level 6. HP: 25/51 MP: 8/11
  3861 | D:4      | Reached skill level 4 in Unarmed Combat
  4126 | D:5      | Entered Level 5 of the Dungeon
  4266 | D:5      | Reached skill level 5 in Unarmed Combat
  4299 | D:5      | Reached XP level 7. HP: 41/59 MP: 7/13
  4339 | D:5      | Reached skill level 1 in Ice Magic
  4527 | D:5      | Found a glowing drain.
  4539 | Sewer    | Entered a sewer
  4646 | Sewer    | Reached XP level 8. HP: 66/66 MP: 11/14
  5142 | D:5      | Reached skill level 6 in Unarmed Combat
  5877 | D:2      | Bought Ozocubu's Autobiography for 312 gold pieces
  5881 | D:2      | Learned a level 3 spell: Ozocubu's Armour
  5937 | D:2      | Noticed Crazy Yiuf
  5946 | D:2      | Killed Crazy Yiuf
  6344 | D:6      | Reached skill level 7 in Unarmed Combat
  6733 | D:6      | Reached skill level 9 in Unarmed Combat
  6733 | D:6      | Reached XP level 9. HP: 78/78 MP: 16/16
  6844 | D:7      | Noticed Pikel
  6903 | D:7      | Killed Pikel
  6904 | D:7      | Reached XP level 10. HP: 84/84 MP: 12/17
  7104 | D:7      | Noticed Duvessa
  7104 | D:7      | Noticed Dowan
  7119 | D:7      | Killed Duvessa
  7120 | D:7      | Reached skill level 10 in Unarmed Combat
  7126 | D:7      | Killed Dowan
  7180 | D:7      | Learned a level 2 spell: Wereblood
  7393 | D:7      | Found a staircase to the Ecumenical Temple.
  7401 | Temple   | Entered the Ecumenical Temple
  8204 | D:8      | Noticed Maggie
  8237 | D:8      | Killed Maggie
  8538 | D:8      | Found Jomocwyt's Armour Shop.
  8541 | D:8      | Identified the +3 trident "Enemmo" {vorpal, Fragile rC+
                  | Str+3}
  9281 | D:9      | Reached skill level 11 in Unarmed Combat
  9682 | D:9      | Reached skill level 1 in Shields
  9831 | D:9      | Found a staircase to the Lair.
  9907 | D:9      | Reached XP level 11. HP: 46/92 MP: 11/20
 10321 | D:9      | Found Qixeorphi's General Store.
 10327 | D:9      | Bought a scroll of identify for 34 gold pieces
 10422 | Lair:1   | Entered Level 1 of the Lair of Beasts
 10473 | Lair:1   | Reached skill level 1 in Armour
 10934 | Lair:1   | Reached skill level 5 in Armour
 11061 | Lair:1   | Noticed Nergalle
 11068 | Lair:1   | Noticed Amaemon
 11090 | Lair:1   | Killed Amaemon
 11095 | Lair:1   | Killed Nergalle
 12325 | Lair:1   | Upgraded the game from 0.29-a0-320-g9f8742066b to
                  | 0.29-a0-321-gf1c400731a
 12479 | Lair:1   | Reached skill level 10 in Fighting
 12794 | Lair:2   | Reached skill level 5 in Transmutations
 12797 | Lair:2   | Reached XP level 12. HP: 106/106 MP: 19/21
 12888 | Lair:2   | Reached skill level 5 in Ice Magic
 13219 | Lair:2   | Noticed a minotaur
 13219 | Lair:2   | Noticed Esaaleno's ghost (journeyman NaIE)
 13234 | Lair:2   | Found a runed translucent gate.
 13234 | Lair:2   | Found a runed translucent gate.
 13234 | Lair:2   | Found a runed translucent gate.
 13254 | Lair:2   | Noticed a five-headed hydra
 13263 | Lair:2   | Killed a five-headed hydra
 14080 | Lair:3   | Noticed a five-headed hydra
 14090 | Lair:3   | Killed a five-headed hydra
 14223 | Lair:3   | Found a hole to the Spider Nest.
 14559 | Lair:3   | Found a staircase to the Shoals.
 14853 | Lair:3   | Identified the +5 rapier of Carghy {vamp, rF+}
 14979 | Lair:3   | Reached skill level 12 in Unarmed Combat
 15449 | Lair:1   | Identified a scroll of acquirement
 15449 | Lair:1   | Acquired 460 gold pieces
 16436 | Lair:4   | Noticed a five-headed hydra
 16443 | Lair:4   | Killed a five-headed hydra
 16773 | D:10     | Entered Level 10 of the Dungeon
 17395 | D:10     | Found Rittifoam's Self-Improvement Boutique.
 17415 | D:10     | Bought a manual of Dodging for 1040 gold pieces
 17484 | D:10     | Noticed a two-headed ogre
 17489 | D:10     | Killed a two-headed ogre
 17922 | D:11     | Noticed a two-headed ogre
 17928 | D:11     | Killed a two-headed ogre
 18210 | D:11     | Reached skill level 13 in Unarmed Combat
 18228 | D:11     | Found a staircase to the Orcish Mines.
 18228 | D:11     | Noticed Gastronok
 18252 | D:11     | Killed Gastronok
 18451 | D:11     | Reached XP level 13. HP: 94/113 MP: 19/22
 19337 | D:12     | Reached skill level 10 in Dodging
 19368 | D:12     | Got the Grimoire of Changing
 19375 | D:12     | Learned a level 5 spell: Blade Hands
 20650 | D:13     | Noticed Snorg
 20658 | D:13     | Killed Snorg
 20660 | D:13     | Identified the +2 buckler "Wuraq" {rN++}
 20678 | D:13     | Noticed Rupert
 20685 | D:13     | Slain by Rupert

Illustrated notes

Levels and vault maps discovered:
D:1:      grunt_arrival_crossed_arrows, layout_basic, serial_bayou_pond_d
D:2:      layout_loops_ring, basic_altar, serial_shops, shop,
          uniq_crazy_yiuf_cottage, uniq_natasha, uniq_terence
D:3:      layout_basic, old_standard_altar, gammafunk_temple_overflow_statue,
          nicolae_ecumenical_snake_handling
D:4:      layout_basic
D:5:      layout_cave_pools, lightli_sewer_entry_pipes
D:6:      layout_basic
D:7:      layout_basic, makhleb_heckhound_becter, minitemple,
          minmay_temple_entry_glassed_door, uniq_duvessa, uniq_pikel
D:8:      layout_rooms, kennysheep_mini_moat, general_overflow_altar,
          slow_altar_1, serial_shops, nicolae_shop_statue_plus,
          minmay_fractal_squares_5, uniq_maggie
D:9:      layout_gridville, due_lair_maze_entry_diamond, serial_shops,
          shop_statue, abandoned_shop
D:10:     layout_stronghold, mainiacjoe_overflow_large_starburst,
          nicolae_shop_self_help
D:11:     layout_roguey, orc_0_dummy, nicolae_elevator_lobby_plus,
          uniq_gastronok
D:12:     layout_long_grid, nicolae_lava_and_water
D:13:     layout_roguey, pf_eden, uniq_maurice, uniq_snorg, uniq_erolcha,
          uniq_rupert
Temple:   minmay_temple_curvy_loop
Lair:1:   layout_layer_cave, grunt_megastairs_4, uniq_amaemon, uniq_nergalle
Lair:2:   layout_chaotic_city, maelrawn_ghost_gauntlet_escape,
          lemuel_fruit_tree, grunt_megastairs_3
Lair:3:   layout_cave_shapes, minmay_shoals_entry_hut,
          spider_nest_entry_funnel_web, tgw_fedhas, infiniplex_staircase_pool_2,
          lemuel_fruit_fields
Lair:4:   cheibrodos_lair_river_kwai, layout_small_grid,
          chequers_serial_rivers_small_b, minmay_stone_trees_small

Skill      XL: |  1  2  3  4  5  6  7  8  9 10 11 12 13 |
---------------+----------------------------------------+-----
Fighting       | 1 2 3 4 6 7 10 | 10.0
Stealth        | 1 2 3 |  3.0
Transmutations | 2 4 5 6 |  6.0
Poison Magic   | 2 |  2.0
Unarmed Combat | 3 5 9 11 13 | 13.0
Dodging        | 2 7 8 12 | 12.9
Spellcasting   | 2 3 4 |  4.0
Ice Magic      | 3 4 6 |  6.0
Shields        | 3 4 |  4.0
Armour         | 5 |  5.0

Action                   |  1- 3 |  4- 6 |  7- 9 | 10-12 | 13-15 || total
-------------------------+-------+-------+-------+-------+-------++-------
Melee: Unarmed           |    57 |   202 |   249 |   886 |   125 ||  1519
       Kick              |     7 |    10 |    13 |    30 |       ||    60
       Headbutt          |     6 |     3 |     6 |     7 |       ||    22
       Punch             |     3 |     1 |     1 |     1 |    10 ||    16
 Cast: Beastly Appendage |    14 |    13 |     3 |     3 |       ||    33
       Spider Form       |     2 |    38 |    21 |    26 |     7 ||    94
       Ice Form          |       |       |    12 |    75 |     1 ||    88
       Ozocubu's Armour  |       |       |     1 |    54 |    10 ||    65
       Wereblood         |       |       |       |     1 |       ||     1
       Blade Hands       |       |       |       |       |    15 ||    15
 Abil: End Transformatio |       |       |       |    10 |       ||    10
Evoke: Wand              |       |       |       |     2 |       ||     2
  Use: Scroll            |       |     2 |     8 |    22 |       ||    32
       Potion            |       |     2 |     1 |     2 |       ||     5
 Stab: Sleeping          |     2 |    13 |     7 |    12 |     1 ||    35
       Distracted        |       |       |       |     1 |       ||     1
Armor: Robe              |     1 |       |       |       |       ||     1
       Leather armour    |     4 |     9 |     3 |     1 |       ||    17
       Skin              |     1 |     2 |    35 |   123 |     2 ||   163
       Steam dragon scal |       |       |       |    14 |    11 ||    25
Dodge: Dodged            |    35 |   106 |   125 |   670 |   143 ||  1079
Block: Buckler           |       |       |       |    10 |     2 ||    12

Table legend: (Time is in decaauts)
 A = Elapsed time spent in this place.
 B = Non-inter-level travel time spent in this place.
 C = Inter-level travel time spent in this place.
 D = Time resting spent in this place.
 E = Time spent auto-exploring this place.
 F = Levels seen in this place.
 G = Mean time per level.
                   A        B        C        D        E       F      G
               +--------+--------+--------+--------+--------+-----+--------+
         Total |  20523 |  17968 |   2555 |   2498 |   9187 |  19 | 1080.2 |
       Dungeon |  14027 |  12099 |   1928 |   1853 |   5937 |  13 | 1079.0 |
        Temple |     55 |     48 |      7 |      0 |      0 |   1 |   55.0 |
          Lair |   6055 |   5435 |    620 |    574 |   3246 |   4 | 1513.8 |
         Sewer |    384 |    384 |      0 |     71 |      4 |   1 |  384.0 |
               +--------+--------+--------+--------+--------+-----+--------+

Top non-repeatable levels by time:
  Lair:1: 2161 daAuts
  Lair:3: 1770 daAuts
     D:7: 1462 daAuts
     D:1: 1453 daAuts
    D:11: 1243 daAuts
     D:6: 1242 daAuts
     D:2: 1234 daAuts
    D:12: 1166 daAuts
     D:9: 1139 daAuts
    D:10: 1109 daAuts
     D:8: 1098 daAuts
  Lair:2: 1093 daAuts
  Lair:4: 1030 daAuts
     D:3: 913 daAuts
     D:4: 895 daAuts
